Workbook

Sheet Schedule I
A1: SCHEDULE I
A2: PROJECT FUND REIMBURSEMENT AND THIRD PARTY PAYMENTS
C3: PROPERTY ADDRESS:
A5: (1) Total amount of disbursement pursuant to this Draw Request: | E5: =+E16+E30+E44 -> 0
A7: (2) Reimbursement to Developer: | H7: Replace "Developer" with entity to be paid
A9: Item | B9: Contractor/Supplier | C9: Invoice # | D9: Date of Payment | E9: Amount | F9: Payment Instructions*
A10: 1. | E10: 0 | F10: Bank Name | H10: Add payment instructions--either wire or check
A11: 2. | F11: ACCT # | H11: Provide current W9 for payee
A12: 3. | F12: ROUTING #
A13: 4. | F13: WIRE TRANSFER
A14: 5.
A15: 6.
B16: Total | E16: =SUM(E10:E15) -> 0
A18: (3) Payment Jointly to Developer AND third party payees:
A20: Item | B20: Contractor/Supplier | C20: Invoice # | D20: Invoice Date | E20: Amount | F20: Payment Instructions*
A21: 1.
B23: Total Vendor | E23: =SUM(E21:E22) -> 0
A24: 2.
B26: Total Vendor | E26: =SUM(E24:E25) -> 0
A27: 3.
B29: Total Vendor
B30: Total | E30: =E26+E23 -> 0
A32: (4) Payment to third party payees (only):
A34: Item | B34: Contractor/Supplier | C34: Invoice # | D34: Invoice Date | E34: Amount | F34: Payment Instructions*
A35: 1.
B37: Total Vendor | E37: =SUM(E35:E36) -> 0
A38: 2.
B40: Total Vendor | E40: =SUM(E38:E39) -> 0
A41: 3.
B43: Total Vendor | E43: =SUM(E41:E42) -> 0
B44: Total | E44: =E40+E37 -> 0
A46: The items listed for reimbursement to the Developer or payment jointly or to third party payees are supported by attached copies of invoices, statements, or other proof expenditures included on the Supplement to Schedule II.
A47: *If a check is to be mailed, include payee address. In the case of a wire transfer, include bank name, address, contact name at bank, ABA number and account number.

Sheet Schedule II
A3: SCHEDULE II
A4: PROJECT FUND BUDGET AND DRAW REQUEST SUMMARY
E6: Previous | H6: Balance
B7: Original | C7: Budget | D7: Current | E7: Draws | F7: Current | G7: Total | H7: Left to
A8: Item or Category | B8: Budget | C8: Revisions | D8: Budget | E8: Approved | F8: Draw | G8: Draws | H8: Draw
A9: Demolition Grading | B9: 0 | C9: 0 | D9: =+C9+B9 -> 0 | E9: 0 | F9: 0 | G9: =+F9+E9 -> 0 | H9: =D9-G9 -> 0
A10: Foundation | B10: 0 | C10: 0 | D10: =+C10+B10 -> 0 | E10: 0 | F10: 0 | G10: =+F10+E10 -> 0 | H10: =D10-G10 -> 0
A11: Framing | B11: 0 | C11: 0 | D11: =+C11+B11 -> 0 | E11: 0 | F11: 0 | G11: =+F11+E11 -> 0 | H11: =D11-G11 -> 0
A12: Floor | B12: 0 | C12: 0 | D12: =+C12+B12 -> 0 | E12: 0 | F12: 0 | G12: =+F12+E12 -> 0 | H12: =D12-G12 -> 0
A13: Roof | B13: 0 | C13: 0 | D13: =+C13+B13 -> 0 | E13: 0 | F13: 0 | G13: =+F13+E13 -> 0 | H13: =D13-G13 -> 0
A14: Stabilization | B14: 0 | C14: 0 | D14: =+C14+B14 -> 0 | E14: 0 | F14: 0 | G14: =+F14+E14 -> 0 | H14: =D14-G14 -> 0
A15: Site Work | B15: 0 | C15: 0 | D15: =+C15+B15 -> 0 | E15: 0 | F15: 0 | G15: =+F15+E15 -> 0 | H15: =D15-G15 -> 0
A16: Utilities | B16: 0 | C16: 0 | D16: =+C16+B16 -> 0 | E16: 0 | F16: 0 | G16: =+F16+E16 -> 0 | H16: =D16-G16 -> 0
A17: Ceiling | B17: 0 | C17: 0 | D17: =+C17+B17 -> 0 | E17: 0 | F17: 0 | G17: =+F17+E17 -> 0 | H17: =D17-G17 -> 0
A18: Utlities / MEP | B18: 0 | C18: 0 | D18: =+C18+B18 -> 0 | F18: 0 | G18: =+F18+E18 -> 0 | H18: =D18-G18 -> 0
A19: Total | B19: =SUM(B9:B18) -> 0 | C19: =SUM(C9:C18) -> 0 | D19: =SUM(D9:D18) -> 0 | E19: =SUM(E9:E18) -> 0 | F19: =SUM(F9:F18) -> 0 | G19: =SUM(G9:G18) -> 0 | H19: =SUM(H9:H18) -> 0
A22: * Any contingency budget to be used should be reclassed to the appropriate line item in the Budget Revisions column and drawn from the correct budget line
A23: Do not draw directly from contingency

Sheet Schedule II-A
A1: SUPPLEMENT TO SCHEDULE II
A2: PROJECT FUND DRAW REQUEST SUMMARY DETAIL
A4: Budget item | B4: Vendor | C4: Inv Date | D4: Invoice # | E4: Total Inv Amt | F4: Amount Requested
A5: ='Schedule II'!A9 -> Demolition Grading
A8: =_xlfn.CONCAT("Sub-total "&A5) -> Sub-total Demolition Grading | F8: =SUM(F5:F7) -> 0
A10: ='Schedule II'!A10 -> Foundation
A13: =_xlfn.CONCAT("Sub-total "&A10) -> Sub-total Foundation | F13: =SUM(F10:F12) -> 0
A15: ='Schedule II'!A11 -> Framing
A18: =_xlfn.CONCAT("Sub-total "&A15) -> Sub-total Framing | F18: =SUM(F15:F17) -> 0
A20: ='Schedule II'!A12 -> Floor
A23: =_xlfn.CONCAT("Sub-total "&A20) -> Sub-total Floor | F23: =SUM(F19:F22) -> 0
A25: ='Schedule II'!A13 -> Roof
A28: =_xlfn.CONCAT("Sub-total "&A25) -> Sub-total Roof | F28: =SUM(F24:F27) -> 0
A30: ='Schedule II'!A14 -> Stabilization
A33: =_xlfn.CONCAT("Sub-total "&A30) -> Sub-total Stabilization | F33: =SUM(F29:F32) -> 0
A35: ='Schedule II'!A15 -> Site Work
A38: =_xlfn.CONCAT("Sub-total "&A35) -> Sub-total Site Work | F38: =SUM(F34:F37) -> 0
A40: ='Schedule II'!A16 -> Utilities
A43: =_xlfn.CONCAT("Sub-total "&A40) -> Sub-total Utilities | F43: =SUM(F39:F42) -> 0
A45: ='Schedule II'!A17 -> Ceiling
A48: =_xlfn.CONCAT("Sub-total "&A45) -> Sub-total Ceiling | F48: =SUM(F44:F47) -> 0
A50: ='Schedule II'!A18 -> Utlities / MEP
A53: =_xlfn.CONCAT("Sub-total "&A50) -> Sub-total Utlities / MEP | F53: =SUM(F49:F52) -> 0
A56: Total Requisition Amount | F56: =+F23+F18+F13+F8+F28+F33+F38+F43+F48+F53 -> 0
